 Seeded DCSS version 0.27.1-34-g3ba077fa99 (webtiles) character file.

Game seed: 12500786641603523225 (custom seed)

11 voltaire321 the Ducker (level 2, -1/22 HPs)
             Began as a Merfolk Gladiator on Jan 9, 2022.
             Slain by Natasha (8 damage)
             ... on level 2 of the Dungeon.
             The game lasted 00:00:47 (308 turns).

voltaire321 the Ducker (Merfolk Gladiator)           Turns: 308, Time: 00:00:47

Health: -1/22      AC:  4    Str: 14    XL:     2   Next: 29%
Magic:  2/2        EV: 13    Int:  7    God:
Gold:   0          SH:  0    Dex: 15    Spells: 1/1 levels left

rFire    . . .     SeeInvis .   a - +0 long sword
rCold    . . .     Faith    .   (no shield)
rNeg     . . .     Spirit   .   b - +0 leather armour
rPois    .         Reflect  .   c - +0 helmet
rElec    .         Harm     .   (no cloak)
rCorr    .         Rampage  .   (no gloves)
Will     .....                  (no boots)
Stlth    +.........             (no amulet)
HPRegen  0.07/turn              (no ring)
MPRegen  0.08/turn              (no ring)

@: no status effects
A: (nimble swimmer 2), mertail
a: no special abilities


You were on level 2 of the Dungeon.
You visited 1 branch of the dungeon, and saw 2 of its levels.

Inventory:

Hand Weapons
 a - a +0 long sword (weapon)
Missiles
 d - 3 throwing nets (quivered)
Armour
 b - a +0 leather armour (worn)
 c - a +0 helmet (worn)
Scrolls
 e - a scroll of enchant armour {unknown}
 f - a scroll of teleportation {unknown}


   Skills:
 + Level 2.2 Fighting
 + Level 3.7 Long Blades
 + Level 2.1 Throwing
 + Level 4.2 Dodging


You had one spell level left.
You didn't know any spells.
Your spell library contained the following spells:

 Spells                   Type           Power      Damage    Failure   Level
 Corpse Rot               Necr/Air       N/A        N/A       65%         2
 Poisonous Vapours        Pois/Air       0%         N/A       65%         2
 Freezing Cloud           Conj/Ice/Air   0%         6-21      100%        5


Dungeon Overview and Level Annotations

Branches:
Dungeon (1/15)

Altars:

Annotations:
D:2 Natasha


Innate Abilities, Weirdness & Mutations

((You are quick and stealthy near water. (Stealth+, EV+, Speed+++)))
Your lower body shifts to a powerful aquatic tail in water.


Message History

You hit the goblin.
The goblin is moderately wounded.
The goblin hits you with a +0 dagger. The goblin barely misses you.
You hit the goblin.
You kill the goblin!
Things that are here:
a +0 dagger; a goblin corpse
Found a stone staircase leading down.
A goblin comes into view. It is wielding a +0 club.
The goblin shouts!
A ball python comes into view.
The ball python hisses angrily.
A ball python comes into view.
The ball python hisses angrily.
The goblin completely misses you.
You riposte.
You hit the goblin.
You kill the goblin!
You slash the ball python!
You kill the ball python!
You slash the ball python!
You kill the ball python!
You fall into a shaft and drop 1 floor!
The shaft crumbles and collapses.
Natasha, Servant of Life and Death comes into view.
Natasha hisses angrily.
Natasha mewls in sadness.
Natasha casts a spell at you. The magic dart hits you. Natasha claws you.
You closely miss Natasha. Natasha closely misses you.
You hit Natasha.
Natasha is moderately wounded.
Natasha claws you! Natasha misses you.
You riposte.
You closely miss Natasha.
Natasha is moderately wounded.
You barely miss Natasha.
Natasha is moderately wounded.
Natasha claws you but does no damage.
You hit Natasha.
Natasha is moderately wounded.
Natasha claws you!
You die...

#.. #.# #.# #.# ...
#.# #h# #@### #.#.##
..##########....####
...................+
..#########.#...####
###.##.###
#........#
#.#.####.# #..... .#


You could see Natasha.

Vanquished Creatures
  An endoplasm (D:1)
  2 giant cockroaches (D:1)
  4 goblins (D:1)
  3 ball pythons (D:1)
  A kobold (D:1)
  A rat (D:1)
12 creatures vanquished.

Notes
Turn   | Place    | Note
-------+----------+-------------------------------------------
     0 | D:1      | voltaire321 the Merfolk Gladiator began the quest for the
                  | Orb.
     0 | D:1      | Reached XP level 1. HP: 16/16 MP: 1/1
   157 | D:1      | Reached XP level 2. HP: 19/22 MP: 2/2
   290 | D:1      | You fall into a shaft and drop 1 floor!
   301 | D:2      | Noticed Natasha
   308 | D:2      | Slain by Natasha

Illustrated notes

Levels and vault maps discovered:
D:1:      nicolae_arrival_memento_mori, layout_rooms,
          chequers_serial_rivers_micro_c
D:2:      layout_loops_corners, hellmonk_ecumenical_altar_leap_of_faith,
          serial_bayou_pond_e, grunt_ministairs_2, minmay_tetromino_s4,
          uniq_jessica, uniq_natasha

Action                   || total
-------------------------++-------
Melee: Long sword        ||    21
 Stab: Sleeping          ||     2
Armor: Leather armour    ||     2
Dodge: Dodged            ||    13
       Rpst.: Long sword ||     4
